 Dungeon Crawl Stone Soup version 0.28-a0-1241-gf280a0fbb2 (webtiles) character file.

Game seed: 16344926653725440395

637 L0rdVetinari the Magician (level 7, -3/36 HPs)
             Began as a Gargoyle Conjurer on Dec 26, 2021.
             Was an Initiate of Vehumet.
             Slain by Duvessa (4 damage)
             ... on level 5 of the Dungeon.
             The game lasted 00:07:03 (5429 turns).

L0rdVetinari the Magician (Gargoyle Conjurer)       Turns: 5429, Time: 00:07:03

Health: -3/36      AC: 15    Str: 10    XL:     7   Next: 50%
Magic:  2/16       EV: 11    Int: 21    God:    Vehumet [......]
Gold:   153        SH:  0    Dex:  8    Spells: 12/19 levels left

rFire   + + .      SeeInvis .   o - +2 flail (protect)
rCold   + . .      Faith    .   (no shield)
rNeg    + . .      Spirit   .   t - +2 robe {rF+}
rPois   ∞          Reflect  .   (no helmet)
rElec   +          Harm     .   s - scarf {rC+ rF+}
rCorr   .          Rampage  .   (no gloves)
Will    .....                   (no boots)
Stlth   ++........              (no amulet)
HPRegen 0.12/turn               (no ring)
MPRegen 0.15/turn               (no ring)

@: under a protective aura, very slightly contaminated
A: sickness immunity, AC +4, negative energy resistance 1, electricity
resistance, torment resistance 1, petrification resistance
a: Renounce Religion


You were on level 5 of the Dungeon.
You worshipped Vehumet.
Vehumet was noncommittal.
You visited 2 branches of the dungeon, and saw 6 of its levels.

You collected 153 gold pieces.

Inventory:

Hand Weapons
 o - a +2 flail of protection (weapon)
Armour
 s - a scarf of resistance (worn)
 t - a +2 robe of fire resistance (worn)
Jewellery
 b - an amulet of faith
Scrolls
 c - 2 scrolls of amnesia {unknown}
 e - a scroll of vulnerability {unknown}
 g - 4 scrolls of identify {unknown}
 h - a scroll of magic mapping {unknown}
 i - a scroll of brand weapon {unknown}
 j - a scroll of torment {unknown}
 k - a scroll of enchant weapon {unknown}
 l - a scroll of teleportation {unknown}
 m - a scroll of immolation {unknown}
 n - a scroll of enchant armour {unknown}
 p - a scroll of holy word {unknown}
Potions
 a - a potion of heal wounds {unknown}
 d - 2 potions of mutation {unknown}
 f - 6 potions of curing {unknown}
 q - a potion of attraction {unknown}
 r - a potion of haste {unknown}


   Skills:
 + Level 0.2 Fighting
 + Level 1.6 Dodging
 - Level 2.1 Stealth
 * Level 6.6 Spellcasting
 + Level 5.9 Conjurations


You had 12 spell levels left.
You knew the following spells:

 Your Spells              Type           Power      Damage    Failure   Level
a - Magic Dart            Conj           100%       1d8       1%          1
b - Searing Ray           Conj           64%        2d6       1%          2
c - Iskenderun's Mystic   Conj/Tloc      19%        2d6       26%         4

Your spell library contained the following spells:

 Spells                   Type           Power      Damage    Failure   Level
 Dazzling Flash           Conj/Hex       38%        N/A       9%          3
 Animate Skeleton         Necr           12%        N/A       10%         1
 Apportation              Tloc           12%        N/A       10%         1
 Summon Small Mammal      Summ           24%        N/A       10%         1
 Wereblood                Tmut           6%         N/A       14%         2
 Fulminant Prism          Conj/Hex       9%         3d7       26%         4
 Summon Hydra             Summ           3%         N/A       100%        7
 Sublimation of Blood     Necr           Unusable   N/A       N/A         2

Dungeon Overview and Level Annotations

Branches:
Dungeon (5/15)             Temple (1/1) D:4

Altars:
Ashenzari
Cheibriados
Dithmenos
Elyvilon
Fedhas
Gozag
Hepliaklqana
Kikubaaqudgha
Nemelex Xobeh
Okawaru
Sif Muna
Trog
Uskayaw
Vehumet
Wu Jian
Xom
The Shining One

Shops:
D:3 (

Annotations:
D:5 Dowan, Duvessa, Edmund


Innate Abilities, Weirdness & Mutations

You are immune to sickness and miasma.
Your stone body is resilient. (AC +4)
You are immune to poison.
You resist negative energy. (rN+)
You are resistant to electric shocks. (rElec)
You are resistant to unholy torment.
You are immune to petrification.


Message History

* * * LOW HITPOINT WARNING * * *
Casting: Iskenderun's Mystic Blast (extremely dangerous; 26% risk of failure)
Confirm with . or Enter, or press ? or * to list all spells.
The spell is extremely dangerous to miscast (26% risk of failure)!
Continue anyway?
You erupt in a blast of force!
The mystic blast hits Dowan.
Dowan is lightly wounded.
Dowan is knocked back by the mystic blast.
The mystic blast hits Duvessa!
Duvessa is moderately wounded.
Duvessa is knocked back by the mystic blast.
Unknown command.
Casting: Iskenderun's Mystic Blast (extremely dangerous; 26% risk of failure)
Confirm with . or Enter, or press ? or * to list all spells.
You don't know that spell.
Unknown command.
Casting: Iskenderun's Mystic Blast (extremely dangerous; 26% risk of failure)
Confirm with . or Enter, or press ? or * to list all spells.
The spell is extremely dangerous to miscast (26% risk of failure)!
Continue anyway?
You erupt in a blast of force!
The mystic blast hits Duvessa.
Duvessa is moderately wounded.
Duvessa is knocked back by the mystic blast.
Casting: Iskenderun's Mystic Blast (extremely dangerous; 26% risk of failure)
Confirm with . or Enter, or press ? or * to list all spells.
Okay, then.
Unknown command.
Casting: Iskenderun's Mystic Blast (extremely dangerous; 26% risk of failure)
Confirm with . or Enter, or press ? or * to list all spells.
Okay, then.
Unknown command.
Casting: Iskenderun's Mystic Blast (extremely dangerous; 26% risk of failure)
Confirm with . or Enter, or press ? or * to list all spells.
The spell is extremely dangerous to miscast (26% risk of failure)!
Continue anyway?
You erupt in a blast of force!
The mystic blast hits Duvessa.
Duvessa is heavily wounded.
Duvessa is knocked back by the mystic blast.
You hit Duvessa but do no damage.
Your weapon exudes an aura of protection.
Duvessa is heavily wounded.
Duvessa hits you with a +4 short sword of venom.
You die...

### ### # ######.############.###
#|................†....
##.#.##e############.###
#..#.##.# #.# # ##..#.##e######
###.### #.....##@##...# #.....#
##..#.##.##...## #.....#
#..#.##.##....# #.....#
#......ee......##....####......
..........#.##.##........##'###
.#.........#.##.##....###.##.###
..#.........#.##.......#.........
..####.#...............#.####....
.....#...........###...#.# ##.##


You could see Duvessa (fast) and Dowan.

Vanquished Creatures
  A black bear (D:5)
  A centaur (D:4)
  Blork the orc (D:5)
  A water moccasin skeleton (D:4)
  A jelly (D:4)
  2 hounds
  An iguana (D:5)
  An orc wizard (D:4)
  2 hound skeletons (D:4)
  5 adders
  7 gnolls
  A shadow imp (D:5)
  An ufetubus (D:4)
  A dart slug (D:3)
  2 orcs (D:4)
  2 bats
  6 endoplasms
  A giant cockroach (D:3)
  5 goblins
  6 hobgoblins
  6 jackals
  4 kobolds
  A quokka (D:2)
  3 ball pythons
  2 frilled lizards
  3 rats
67 creatures vanquished.

Vanquished Creatures (others)
  2 plants (D:4)
2 creatures vanquished.

Grand Total: 69 creatures vanquished

Notes
Turn   | Place    | Note
-------+----------+-------------------------------------------
     0 | D:1      | L0rdVetinari the Gargoyle Conjurer began the quest for the
                  | Orb.
     0 | D:1      | Reached XP level 1. HP: 10/10 MP: 3/3
   723 | D:1      | Reached XP level 2. HP: 15/15 MP: 1/5
  1020 | D:1      | Learned a level 2 spell: Searing Ray
  1197 | D:2      | Found a blossoming altar of Fedhas.
  1246 | D:2      | Reached skill level 3 in Spellcasting
  1376 | D:2      | Reached XP level 3. HP: 19/19 MP: 2/7
  1892 | D:3      | Reached skill level 4 in Spellcasting
  1892 | D:3      | Reached XP level 4. HP: 24/24 MP: 0/10
  2010 | D:3      | Found Yckameus's Antique Weapon Shop.
  2060 | D:3      | Found a faded altar of an unknown god.
  2060 | D:3      | Noticed an ice devil
  2431 | D:4      | Reached XP level 5. HP: 28/28 MP: 5/11
  2620 | D:4      | Noticed a centaur
  2624 | D:4      | Killed a centaur
  2625 | D:4      | Reached skill level 5 in Spellcasting
  2625 | D:4      | Reached skill level 5 in Conjurations
  2625 | D:4      | Reached XP level 6. HP: 24/32 MP: 4/13
  2953 | D:4      | Found a staircase to the Ecumenical Temple.
  2962 | Temple   | Entered the Ecumenical Temple
  3220 | Temple   | Became a worshipper of Vehumet
  3499 | D:4      | Learned a level 4 spell: Iskenderun's Mystic Blast
  4250 | D:5      | Entered Level 5 of the Dungeon
  4348 | D:5      | Noticed Edmund
  4596 | D:5      | Noticed Blork the orc
  4607 | D:5      | Killed Blork the orc
  4608 | D:5      | Reached skill level 6 in Spellcasting
  4608 | D:5      | Reached XP level 7. HP: 5/36 MP: 0/16
  5401 | D:5      | Noticed Dowan
  5402 | D:5      | Noticed Duvessa
  5423 | D:5      | HP: 1/36 [Duvessa (2)]
  5429 | D:5      | Slain by Duvessa

Illustrated notes

Levels and vault maps discovered:
D:1:      shiori_shiawase, layout_loops_corners, chequers_garden
D:2:      layout_rooms, basic_altar, minmay_misc_feat_encased
D:3:      layout_rooms, dreamdust_ecumenical_altar_sealed_demon, serial_shops,
          shop
D:4:      layout_loops_corners, minmay_temple_entry_overgrown
D:5:      layout_basic, kennysheep_donut, uniq_edmund, uniq_duvessa,
          uniq_blork_the_orc
Temple:   mainiacjoe_temple_trianglar_array

Skill      XL: |  1  2  3  4  5  6 |
---------------+-------------------+-----
Spellcasting   | 3 4 5 6 |  6.6
Conjurations   | 5 |  5.9
Fighting       | |  0.2
Dodging        | |  1.6
Stealth        | |  2.1

Action                   |  1- 3 |  4- 6 |  7- 9 || total
-------------------------+-------+-------+-------++-------
Melee: Unarmed           |     4 |    21 |       ||    25
       Flail             |       |     1 |     6 ||     7
 Cast: Magic Dart        |    56 |    84 |    21 ||   161
       Searing Ray       |     4 |    23 |     6 ||    33
       Iskenderun's Myst |       |       |     3 ||     3
Armor: Robe              |       |    18 |     7 ||    25
Dodge: Dodged            |     4 |    23 |     5 ||    32

Table legend: (Time is in decaauts)
 A = Elapsed time spent in this place.
 B = Non-inter-level travel time spent in this place.
 C = Inter-level travel time spent in this place.
 D = Time resting spent in this place.
 E = Time spent auto-exploring this place.
 F = Levels seen in this place.
 G = Mean time per level.
                   A        B        C        D        E       F      G
               +--------+--------+--------+--------+--------+-----+--------+
         Total |   5433 |   5315 |    118 |   1395 |   3368 |   6 |  905.5 |
       Dungeon |   5148 |   5052 |     96 |   1395 |   3119 |   5 | 1029.6 |
        Temple |    284 |    262 |     22 |      0 |    249 |   1 |  284.0 |
               +--------+--------+--------+--------+--------+-----+--------+

Top non-repeatable levels by time:
     D:4: 1596 daAuts
     D:5: 1149 daAuts
     D:1: 1123 daAuts
     D:3: 677 daAuts
     D:2: 602 daAuts
  Temple: 284 daAuts
